 Dungeon Crawl Stone Soup version 0.23.1 (webtiles) character file.

Game seed: 17100795361846027360

50 Yunesin the Chopper (level 3, -1/26 HPs)
             Began as an Octopode Berserker on Mar 14, 2019.
             Was a Believer of Trog.
             Splashed by a jelly's acid (5 damage)
             ... on level 2 of the Dungeon.
             The game lasted 00:03:42 (869 turns).

Yunesin the Chopper (Octopode Berserker)             Turns: 869, Time: 00:03:45

Health: -1/26      AC: -7    Str: 16    XL:     3   Next: 79%
Magic:  3/3        EV: 14    Int:  9    God:    Trog [**....]
Gold:   96         SH:  0    Dex: 12    Spells: 2/2 levels left

rFire    . . .     SeeInvis .   a - +0 hand axe
rCold    . . .     Gourm    .   (no shield)
rNeg     . . .     Faith    .   (helmet restricted)
rPois    .         Spirit   .   (no amulet)
rElec    .         Reflect  .   (no ring)
rCorr    .         Harm     .   (no ring)
MR       .....                  (no ring)
Stlth    ++........             (no ring)
HPRegen  0.08/turn              (no ring)
MPRegen  0.08/turn              (no ring)
                                (no ring)
                                (no ring)

@: corroded
A: almost no armour, stealthy swim, amphibious, 8 rings, constrict 8, camouflage
1, gelatinous body 1
a: Berserk, Trog's Hand, Renounce Religion


You were on level 2 of the Dungeon.
You worshipped Trog.
Trog was pleased with you.
You were not hungry.

You visited 1 branch of the dungeon, and saw 2 of its levels.

You collected 96 gold pieces.

Inventory:

Hand Weapons
 a - a +0 hand axe (weapon)
Scrolls
 d - a scroll of identify {unknown}
 e - a scroll of teleportation {unknown}
 g - 2 scrolls of remove curse {unknown}
 j - a scroll of enchant armour {unknown}
 l - a scroll of fog {unknown}
Potions
 c - a potion of berserk rage {unknown}
 h - a potion of mutation {unknown}
 i - 5 potions of curing {unknown}
 k - 2 potions of invisibility {unknown}
Comestibles
 b - 6 rations
 f - 3 chunks of flesh


   Skills:
 + Level 3.4 Fighting
 * Level 3.7 Axes
 * Level 3.6 Dodging


You had 2 spell levels left.
You didn't know any spells.
Your spell library was empty.

Dungeon Overview and Level Annotations

Branches:
Dungeon (2/15)

Altars:


Innate Abilities, Weirdness & Mutations

You cannot wear most types of armour.
You are very stealthy in the water. (Stealth+)
You are amphibious.
You can wear up to eight rings at the same time.
You can use your tentacles to constrict eight enemies at once.
Your skin changes colour to match your surroundings (Stealth+).
Your rubbery body absorbs attacks. (AC +1, EV +1)


Message History

There is an open door here.
You recover from your berserk rage.
You are no longer corroded.
The ooze jiggles.
There is an open gate here.
Things that are here:
a +0 short sword; a stone
Things that are here:
a +0 dagger; a goblin skeleton
There is an open door here.
You hit the jelly. The acid corrodes you!
Your tentacles burn!
The jelly is lightly wounded.
The jelly completely misses you.
You hit the jelly. The acid corrodes you!
Your tentacles burn!
* * * LOW HITPOINT WARNING * * *
The jelly is heavily wounded.
The jelly hits you.
* * * LOW HITPOINT WARNING * * *
You are splashed with acid.
You die...

.. #.# #.#
#.##################
###.##..........@J...#
....##.#############.#
.......####......###.#####
........[.+....).J......>#
.......####......#.#.###.#
...###.# #.######.#.# #.#
...###.# #.# #.#.###.#
.......# #.# #.#.....#
#)#########)### #.#######


You could see a jelly.

Vanquished Creatures
  An adder (D:2)
  2 dart slugs (D:1)
  3 leopard geckos (D:1)
  A ball python (D:2)
  3 bats (D:1)
  2 giant cockroaches (D:1)
  A goblin (D:2)
  2 hobgoblins
  3 frilled lizards
  10 kobolds
  5 rats (D:1)
33 creatures vanquished.

Vanquished Creatures (others)
  2 fungi (D:2)
  7 toadstools (D:2)
9 creatures vanquished.

Grand Total: 42 creatures vanquished

Notes
Turn   | Place    | Note
-------+----------+-------------------------------------------
     0 | D:1      | Yunesin the Octopode Berserker began the quest for the Orb.
     0 | D:1      | Reached XP level 1. HP: 16/16 MP: 1/1
   151 | D:1      | Reached XP level 2. HP: 21/21 MP: 2/2
   537 | D:1      | Reached XP level 3. HP: 26/26 MP: 3/3
   655 | D:2      | Reached ** piety under Trog
   869 | D:2      | Splashed by a jelly's acid

Action                   || total
-------------------------++-------
Melee: Hand axe          ||    54
       Constrict         ||    14
       Tentacles         ||     4
Invok: Berserk           ||     2
 Stab: Sleeping          ||     6
  Eat: Chunk             ||     1
Armor: Skin              ||     3
Dodge: Dodged            ||    44
